 Dungeon Crawl Stone Soup version 0.27-a0-1273-gec92ba881d (webtiles) character file.

Game seed: 2451372843981091301

170 ZappyNine the Skirmisher (level 5, -11/48 HPs)
             Began as a Hill Orc Fighter on June 11, 2021.
             Killed by an exploding Edmund (20 damage)
             ... ignited by their inner flame
             ... on level 3 of the Dungeon.
             The game lasted 00:02:54 (2972 turns).

ZappyNine the Skirmisher (Hill Orc Fighter)         Turns: 2972, Time: 00:02:54

Health: -11/48     AC:  7    Str: 20    XL:     5   Next: 51%
Magic:  5/5        EV:  7    Int:  8    God:
Gold:   108        SH: 10    Dex: 10    Spells: 4/4 levels left

rFire    + . .     SeeInvis .   l - +4 club
rCold    + . .     Faith    .   c - +1 kite shield
rNeg     . . .     Spirit   .   b - +0 scale mail
rPois    +         Reflect  .   (no helmet)
rElec    +         Harm     .   (no cloak)
rCorr    +         Rampage  .   (no gloves)
Will     .....                  (no boots)
Stlth    ..........             (no amulet)
HPRegen  0.16/turn              (no ring)
MPRegen  0.09/turn              (no ring)

@: mighty, resistant
A: no striking features
a: no special abilities


You were on level 3 of the Dungeon.
You visited 1 branch of the dungeon, and saw 4 of its levels.

You collected 108 gold pieces.

Inventory:

Hand Weapons
 a - a +0 flail
 h - a +1 short sword of draining
 l - a +4 club (weapon)
Armour
 b - a +0 scale mail (worn)
 c - a +1 kite shield (worn)
Wands
 n - a wand of charming (8)
Scrolls
 i - 2 scrolls of identify
 k - a scroll of magic mapping {unknown}
 m - 2 scrolls of teleportation {unknown}
Potions
 e - a potion of ambrosia {unknown}
 j - a potion of brilliance {unknown}
 o - a potion of lignification {unknown}
 p - a potion of resistance


   Skills:
 + Level 5.0 Fighting
 + Level 2.9 Maces & Flails
 + Level 4.5 Armour
 - Level 4.4 Shields


You had 4 spell levels left.
You didn't know any spells.
Your spell library was empty.

Dungeon Overview and Level Annotations

Branches:
Dungeon (4/15)
 Temple: D:4-7

Altars:


Message History

The jackal completely misses you.
You block the jackal's attack. x2; The jackal barely misses you.
Edmund mutters, "Who needs spells, anyway?"
There is a large open door here.
You block Edmund's attack.
There is a stone staircase leading up here.
Edmund says, "I'm quite good with sums, too."
You block Edmund's attack.
You climb upwards.
There is a stone staircase leading down here.
As you read the scroll labelled YNESOD XOEBU, it crumbles to dust.
The creatures around you are filled with an inner flame!
It was a scroll of immolation.
You block Edmund's attack.
Unknown command.
As you read the scroll labelled TULALU NOUSI, it crumbles to dust.
It is a scroll of enchant armour.
Your +0 kite shield glows green for a moment.
Edmund hits you with a +2 flail of protection!
* * * LOW HITPOINT WARNING * * *
Unknown command.
Unknown command.
As you read the scroll labelled YDYFAN SEMOS, it crumbles to dust.
It is a scroll of identify.
p - 2 potions of resistance You block Edmund's attack.
Unknown command.
Edmund says, "Everyone always remembers my brother. 'Who's Edmund?' they ask!"
You feel protected.
You feel very mighty all of a sudden.
Edmund hits you with a +2 flail of protection.
* * * LOW HITPOINT WARNING * * *
You sock Edmund!
Flame seeps out of Edmund.
Edmund is heavily wounded.
Edmund is engulfed in blazing flames.
Flame seeps out of Edmund.
You block Edmund's attack.
Edmund is engulfed in blazing flames.
Flame seeps out of Edmund.
Edmund hits you but does no damage.
You sock Edmund!
Edmund explodes!
The fiery explosion engulfs you!! You resist.
You die...

#.#.#.# #..#........#.# #.#.#.#
#..#.########.# ## #.#.#.#
#..#........#.# .# #.#.#.#
#..########.#.# .# #.#.#.#
#..#........#.# .# #.#.#.#
#..#.########.####
######.#.#.###..#........#....#
.......#.#....§§########.#.#.##
.....###.#####§°@..........#.#
..............§##.######.###.#
####.###.########.# #.....# ##
#.# #># #.# #.##### .# #.# #.#
#.# #.# .###.###.#### #.# #.#
............# #.# #.#
.###.######## #.# #.# .# #.#
###.# #.#


There were no monsters in sight!

Vanquished Creatures
  Edmund (D:3)
  Jessica (D:2)
  3 adders
  An ufetubus (D:2)
  A worm (D:3)
  3 dart slugs (D:2)
  9 orcs
  4 bats
  6 endoplasms
  6 giant cockroaches
  9 goblins
  5 hobgoblins
  12 jackals
  A quokka (D:1)
  7 ball pythons
  6 frilled lizards
  7 kobolds
  4 rats
86 creatures vanquished.

Notes
Turn   | Place    | Note
-------+----------+-------------------------------------------
     0 | D:1      | ZappyNine the Hill Orc Fighter began the quest for the Orb.
     0 | D:1      | Reached XP level 1. HP: 19/19 MP: 1/1
   109 | D:1      | Reached XP level 2. HP: 27/27 MP: 2/2
   371 | D:1      | Reached skill level 4 in Fighting
   423 | D:1      | Reached XP level 3. HP: 33/33 MP: 3/3
  1017 | D:2      | Noticed Jessica
  1044 | D:2      | Reached XP level 4. HP: 28/41 MP: 4/4
  1047 | D:2      | Killed Jessica
  1371 | D:2      | Reached XP level 5. HP: 33/47 MP: 5/5
  1610 | D:2      | Found a faded altar of an unknown god.
  2765 | D:3      | Reached skill level 5 in Fighting
  2904 | D:4      | Noticed Edmund
  2972 | D:3      | Killed Edmund
  2972 | D:3      | Killed by an exploding Edmund... ignited by their inner
                  | flame

Illustrated notes

Levels and vault maps discovered:
D:1:      lightli_arrival_chessboard, layout_basic
D:2:      layout_rooms, basic_ecumenical_altar, uniq_jessica
D:3:      layout_basic, minivault_27
D:4:      layout_gridville, gammafunk_temple_overflow_claw,
          small_statue_alley_b, minivault_11, kennysheep_cross_room,
          uniq_edmund, uniq_eustachio

Skill      XL: |  1  2  3  4  5 |
---------------+----------------+-----
Fighting       | 4 5 |  5.0
Armour         | 4 |  4.5
Shields        | 4 |  4.4
Maces & Flails | |  2.9

Action                   |  1- 3 |  4- 6 || total
-------------------------+-------+-------++-------
Melee: Flail             |    68 |       ||    68
       Short sword       |    35 |     9 ||    44
       Club              |       |   118 ||   118
  Use: Scroll            |       |     3 ||     3
       Potion            |       |     2 ||     2
Armor: Scale mail        |    46 |    54 ||   100
Dodge: Dodged            |    30 |    29 ||    59
Block: Kite shield       |    61 |    55 ||   116

Table legend: (Time is in decaauts)
 A = Elapsed time spent in this place.
 B = Non-inter-level travel time spent in this place.
 C = Inter-level travel time spent in this place.
 D = Time resting spent in this place.
 E = Time spent auto-exploring this place.
 F = Levels seen in this place.
 G = Mean time per level.
                   A        B        C        D        E       F      G
               +--------+--------+--------+--------+--------+-----+--------+
         Total |   3063 |   2959 |    104 |      0 |   2368 |   4 |  765.8 |
       Dungeon |   3063 |   2959 |    104 |      0 |   2368 |   4 |  765.8 |
               +--------+--------+--------+--------+--------+-----+--------+

Top non-repeatable levels by time:
     D:3: 1173 daAuts
     D:1: 965 daAuts
     D:2: 817 daAuts
     D:4: 106 daAuts
